 Dungeon Crawl Stone Soup version 0.16.1-11-g651b585 (webtiles) character file.

3098 jacksonaction the Spear-Bearer (level 9, -1/81 HPs)
             Began as a Centaur Fighter on Apr 2, 2015.
             Was an Initiate of Okawaru.
             Killed by divine providence
             ... invoked by an orc priest
              (10 damage)
             ... on level 8 of the Dungeon.
             The game lasted 00:49:31 (7746 turns).

jacksonaction the Spear-Bearer (Centaur Fighter)    Turns: 7746, Time: 00:49:31

Health: -1/81      AC: 15    Str: 22    XL:     9   Next: 59%
Magic:  7/7        EV:  5    Int:  7    God:    Okawaru [......]
Gold:   410        SH: 10    Dex: 12    Spells: 0 memorised, 8 levels left

rFire  . . .     SeeInvis .     U - +0 trident
rCold  . . .     Clarity  .     E - +4 ring mail
rNeg   . . .     SustAb   +     c - +0 shield
rPois  .         Gourm    .     (no helmet)
rElec  .         Spirit   .     a - +0 cloak
rCorr  .         Warding  .     (no gloves)
rMut   .         Stasis   .     l - +0 centaur barding
MR     .....                    (no amulet)
Stlth  ..........               G - +3 ring of dexterity
                                k - ring of sustain abilities

@: very quick, not resistant to hostile enchantments, extremely unstealthy
A: hooves 3, deformed body, speed 2, tough skin 3
a: Renounce Religion


You were on level 8 of the Dungeon.
You worshipped Okawaru.
Okawaru was noncommittal.
You were not hungry.

You visited 2 branches of the dungeon, and saw 9 of its levels.

You collected 410 gold pieces.

Inventory:

Hand weapons
 D - a +2 whip of flaming
 U - a +0 trident (weapon)
Missiles
 p - 33 stones (quivered)
 P - a poisoned javelin
Armour
 a - a +0 cloak (worn)
 c - a +0 shield (worn)
 l - a +0 centaur barding (worn)
 E - a +4 ring mail (worn)
 I - a +0 scale mail of fire resistance
Jewellery
 k - a ring of sustain abilities (left hand)
 m - an uncursed ring of magical power
 q - an uncursed ring of fire
 G - a +3 ring of dexterity (right hand)
Magical devices
 v - a wand of magic darts (26)
 T - a wand of fire (6)
 W - a wand of random effects (26)
Scrolls
 g - 4 scrolls of recharging
 h - a scroll of fear {unknown}
 i - 2 scrolls of remove curse
 r - a scroll of blinking {unknown}
 s - 3 scrolls of identify
 u - 2 scrolls of magic mapping {unknown}
 x - a scroll of enchant armour {unknown}
 z - 2 scrolls of enchant weapon {unknown}
 B - a scroll of amnesia {unknown}
 C - a scroll of teleportation {unknown}
 F - 2 scrolls of immolation {unknown}
 R - a scroll of noise {unknown}
Potions
 e - a potion of might
 j - a potion of invisibility {unknown}
 n - 2 potions of curing
 o - a potion of mutation {unknown}
 t - 2 potions of haste {unknown}
 A - a potion of magic {unknown}
 H - 2 potions of heal wounds {unknown}
 K - 2 potions of berserk rage {unknown}
 L - a potion of brilliance {unknown}
 M - 3 potions of agility {unknown}
 N - 2 potions of restore abilities {unknown}
 O - a potion of lignification {unknown}
 Q - 2 potions of resistance {unknown}
Books
 b - a Fen Folio

   Spells                             Type                      Level
   a - Corpse Rot                     Necromancy                   2
   b - Stone Arrow                    Conjuration/Earth            3
   c - Leda's Liquefaction            Hexes/Earth                  4
   d - Summon Forest                  Summoning/Translocation      5
   e - Hydra Form                     Transmutation                6
   f - Summon Hydra                   Summoning                    7
 y - the Handbook of the Rocks
   (You found it on level 7 of the Dungeon)

   Spells                             Type                      Level
   a - Stoneskin                      Transmutation/Earth          2
   b - Stone Arrow                    Conjuration/Earth            3
   c - Leda's Liquefaction            Hexes/Earth                  4
Comestibles
 d - 10 bread rations
 f - 4 fruits
 w - a meat ration
 J - 2 slices of pizza
 S - 2 beef jerkies
 V - 8 chunks of flesh


   Skills:
 - Level 8.0 Fighting
 + Level 8.9 Polearms
 - Level 2.1 Armour
 + Level 5.2 Shields


You had 8 spell levels left.
You didn't know any spells.

Dungeon Overview and Level Annotations

Branches:
Dungeon (8/15)             Temple (1/1) D:7
   Lair: D:8-11

Altars:
Ashenzari
Cheibriados
Dithmenos
Elyvilon
Fedhas
Gozag
Kikubaaqudgha
Makhleb
Nemelex Xobeh
Okawaru
Ru
Sif Muna
Trog
Vehumet
Xom
Yredelemnul
Zin
The Shining One

Portals:
Bailey: D:8


Innate Abilities, Weirdness & Mutations

You have hooves in place of feet.
Armour fits poorly on your strangely shaped body.
You cover ground very quickly.
You have extremely tough skin (AC +3).


Message History

The poisoned tomahawk closely misses the orc priest.
Throwing (i - inventory. (,) - cycle):
p - 34 stones (quivered)
Press: ? - help, Shift-Dir - straight line, f/p - orc priest
Aim: an orc priest, wielding a dagger You throw a stone.
The stone hits the orc priest.
The orc priest is lightly wounded.
Attack whom?
Press: ? - help, Dir - move target cursor, f/p - orc priest
Aim: an orc priest, wielding a dagger (lightly wounded)
You reach to attack!
You hit the orc priest but do no damage.
The orc priest is lightly wounded.
You puncture the orc priest! Your kick misses the orc priest.
The orc priest is severely wounded.
The orc priest hits you but does no damage.
You closely miss the orc priest. You kick the orc priest.
The orc priest is severely wounded.
The orc priest mumbles some strange prayers to Beogh against you.
Something smites you!
You die...

.#∩. #(# #.# . #.###.#(#
#.# #.# #.#)#.#.# #.#
#.#
#.###.#.###.#########.#
#..J#(#...........#.#
#.###(#.#.##.####.#.#
#$#)#)#.#.##.# #.#.#
#.###o#.#.##.####.#.#
#...#@#.#.##......).##
#.###.#.#...........†...
#.#)#.#.#.########....##
#[###.#.#.# #..### .#..
#.#.########..# .
#.#.....(.....#
#.#....#####.## #.#....#
#... #.#<...# #####


You could see a jelly and an orc priest.

Vanquished Creatures
  Pikel (D:5)
  A two-headed ogre (D:6)
  Grinder (D:3)
  Eustachio (D:8)
  An orc warrior (D:8)
  2 slaves (D:5)
  An ice beast (D:8)
  An eye of draining (D:6)
  A sky beast (D:7)
  3 ogres
  A necrophage (D:6)
  A centaur (D:8)
  Duvessa (D:6)
  4 giant frogs
  Dowan (D:6)
  A crimson imp (D:6)
  3 orc priests
  A hound (D:6)
  A jelly (D:5)
  2 giant frog zombies
  3 centaur skeletons
  3 orc wizards
  5 worker ants
  Jessica (D:3)
  A hound skeleton (D:4)
  A worker ant zombie (D:6)
  11 adders
  7 gnolls
  3 shadow imps
  A giant mite (D:8)
  A worm (D:2)
  An adder zombie (D:5)
  An adder skeleton (D:3)
  2 oozes
  16 orcs
  A ball python (D:6)
  2 bat zombies
  3 giant cockroaches
  16 goblins
  14 hobgoblins
  9 jackals
  20 bats
  A giant newt (D:4)
  15 kobolds
  5 quokkas
  11 rats
183 creatures vanquished.

Notes
Turn   | Place    | Note
--------------------------------------------------------------
     0 | D:1      | jacksonaction, the Centaur Fighter, began the quest for the Orb.
     0 | D:1      | Reached XP level 1. HP: 19/19 MP: 1/1
   156 | D:1      | Reached XP level 2. HP: 19/26 MP: 2/2
   615 | D:2      | Found an opulent altar of Gozag.
   706 | D:2      | Reached XP level 3. HP: 21/31 MP: 3/3
  1327 | D:2      | Reached XP level 4. HP: 33/38 MP: 3/3
  1472 | D:3      | Noticed Grinder
  1483 | D:3      | Paralysed by Grinder for 3 turns
  1504 | D:3      | Reached skill level 4 in Polearms
  1520 | D:3      | Killed Grinder
  1520 | D:3      | Reached skill level 5 in Polearms
  1520 | D:3      | Reached XP level 5. HP: 16/45 MP: 4/4
  1520 | D:3      | Reached XP level 6. HP: 18/51 MP: 5/5
  1866 | D:3      | Reached skill level 6 in Polearms
  1983 | D:3      | Found a white marble altar of Elyvilon.
  1985 | D:3      | Found a glowing golden altar of the Shining One.
  1985 | D:3      | Found a shadowy altar of Dithmenos.
  2099 | D:3      | Noticed Jessica
  2103 | D:3      | Killed Jessica
  3133 | D:4      | Reached skill level 7 in Polearms
  3133 | D:4      | Reached XP level 7. HP: 26/57 MP: 5/5
  3416 | D:4      | Found a burning altar of Makhleb.
  3768 | D:5      | Entered Level 5 of the Dungeon
  4742 | D:5      | Noticed Pikel
  5232 | D:5      | Killed Pikel
  5232 | D:5      | Reached XP level 8. HP: 50/70 MP: 6/6
  5314 | D:6      | Noticed Dowan
  5315 | D:6      | Noticed Duvessa
  5731 | D:6      | Killed Duvessa
  5747 | D:6      | Killed Dowan
  6123 | D:6      | Noticed a two-headed ogre
  6174 | D:6      | Killed a two-headed ogre
  6223 | D:6      | Reached XP level 9. HP: 77/79 MP: 7/7
  6680 | D:7      | Reached skill level 8 in Polearms
  6833 | D:7      | Got a polished scale mail
  6854 | D:7      | Identified the +2 scale mail of the Spider Nest {Int+2} (You found it on level 7 of the Dungeon)
  7126 | D:7      | Found a staircase to the Ecumenical Temple.
  7146 | Temple   | Entered the Ecumenical Temple
  7193 | Temple   | Became a worshipper of Warmaster Okawaru
  7265 | D:7      | Identified the Handbook of the Rocks
  7505 | D:8      | Reached skill level 5 in Shields
  7648 | D:8      | Noticed Eustachio
  7664 | D:8      | Killed Eustachio
  7737 | D:8      | Found a flagged portal.
  7746 | D:8      | Killed from afar by an orc priest

Action                   |  1- 3 |  4- 6 |  7- 9 || total
-------------------------+-------+-------+-------++-------
Melee: Trident           |   123 |   218 |   460 ||   801
Throw: Stone             |     7 |    13 |    14 ||    34
       Javelin           |       |     3 |    23 ||    26
       Tomahawk          |       |       |     3 ||     3
  Use: Scroll            |       |       |     3 ||     3
       Potion            |       |       |     2 ||     2
  Eat: Chunk             |       |     6 |    11 ||    17
       Beef jerky        |       |       |     1 ||     1
